 Dungeon Crawl Stone Soup version 0.31-a0-187-gba352fbbf7 (webtiles) character file.

Game seed: 5972721759493955981

71 qw the Shooter (level 4, -1/25 HPs)
             Began as a Deep Elf Hunter on June 22, 2023.
             Slain by an orc
             ... wielding a +0 club
              (2 damage)
             ... on level 2 of the Dungeon.
             The game lasted 00:00:38 (1005 turns).

qw the Shooter (Deep Elf Hunter)                    Turns: 1005, Time: 00:00:38

Health: -1/25      AC:  6    Str: 10    XL:     4   Next: 5%
Magic:  6/6        EV: 11    Int: 14    God:
Gold:   136        SH:  0    Dex: 18    Spells: 3/3 levels left

rFire   . . .        Y - +0 shortbow
rCold   . . .        (shield currently unavailable)
rNeg    . . .        d - +0 ring mail
rPois   .            (no helmet)
rElec   .            (no cloak)
rCorr   .            (no gloves)
SInv    .            f - +0 pair of boots
Will    .....        (no amulet)
Stlth   +            (no ring)
HPRegen 0.24/turn    (no ring)
MPRegen 0.10/turn

%: no passive effects
@: no status effects
A: no striking features
a: no special abilities


You were on level 2 of the Dungeon.
You visited 1 branch of the dungeon, and saw 2 of its levels.

You collected 136 gold pieces.


   Skills:
 - Level 1.5 Fighting
 + Level 7.5 Ranged Weapons
 - Level 2.4 Dodging
 - Level 1.2 Stealth


You had 3 spell levels left.
You didn't know any spells.
Your spell library was empty.

Inventory:

Hand Weapons
 Y - a +0 shortbow (weapon)
Armour
 d - a +0 ring mail (worn)
 f - a +0 pair of boots (worn)
Scrolls
 a - a scroll of fog {unknown}
 c - a scroll of amnesia {unknown}
Potions
 b - a potion of heal wounds {unknown}
 g - a potion of might {unknown}

Dungeon Overview and Level Annotations

Branches:
Dungeon (2/15)

Altars:


Message History

The arrow hits the orc but does no damage.
The orc barely misses you. The orc hits you but does no damage.
The orc closely misses you.
You shoot an arrow. The arrow barely misses the orc.
The orc hits you with a +0 short sword. The orc barely misses you.
The orc completely misses you.
You shoot an arrow. The arrow hits the orc.
The orc is heavily wounded.
The orc hits you but does no damage. The orc barely misses you.
The orc hits you but does no damage.
You shoot an arrow. The arrow hits the orc.
You kill the orc!
The orc hits you but does no damage. The orc misses you.
You shoot an arrow. The arrow hits the worm.
The worm is lightly wounded.
The orc hits you with a +0 club. The orc closely misses you.
The orc hits you but does no damage. x2; The worm bites you!
You shoot an arrow. The arrow hits the worm!
The worm is heavily wounded.
The orc hits you but does no damage. The orc closely misses you.
You shoot an arrow.
The arrow hits the worm but does no damage.
The worm is heavily wounded.
The orc hits you but does no damage. The orc hits you with a +0 dagger.
The worm bites you.
You shoot an arrow. The arrow hits the worm.
The worm is severely wounded.
The orc closely misses you. x2; The worm bites you.
You shoot an arrow.
The arrow hits the worm but does no damage.
The worm is severely wounded.
The orc hits you but does no damage. The orc barely misses you.
You shoot an arrow. The arrow completely misses the worm.
The orc hits you with a +0 dagger. The orc completely misses you.
The worm completely misses you. The orc closely misses you.
The orc hits you but does no damage.
You shoot an arrow. The arrow hits the worm.
You kill the worm!
The orc hits you with a +0 club.
You die...

# ##########.#
### #..........#
##..
#..........#
##..#
#..........# ##
###..##
#..........#
#..##...##
#..........#
#.....###
#.....o....#
#.###.###
#.....o@...###.#
#.%.##
......)##....#.#
###..## .......
####.#.# ##..#
....... #...####
##.. .......
####%....# ##.
.).....
#.....##.######
.......
#.######....##.
##..?.. #
####.... ####.


You could see 2 orcs.

Vanquished Creatures
  An adder (D:2)
  2 worms (D:2)
  A dart slug (D:1)
  2 orcs (D:2)
  4 bats
  6 endoplasms
  A giant cockroach (D:1)
  4 goblins
  6 hobgoblins (D:1)
  3 jackals (D:1)
  2 kobolds
  2 quokkas
  10 ball pythons
  A frilled lizard (D:1)
  3 rats
48 creatures vanquished.

Notes
Turn   | Place    | Note
-------+----------+-------------------------------------------
     0 | D:1      | qw the Deep Elf Hunter began the quest for the Orb.
     0 | D:1      | Reached XP level 1. HP: 12/12 MP: 3/3
     0 | D:1      | 0 ||| qw: Version: 0.3-a-9-g12657ce
     0 | D:1      | 0 ||| qw: Game counter: 2173
     0 | D:1      | 0 ||| qw: Always use a shield: true
     0 | D:1      | 0 ||| qw: God list: Okawaru
     0 | D:1      | 0 ||| qw: Allow faded altars: false
     0 | D:1      | 0 ||| qw: Do Orc after D:15 true
     0 | D:1      | 0 ||| qw: Do second Lair branch before Depths: true
     0 | D:1      | 0 ||| qw: Lair rune preference: random
     0 | D:1      | 0 ||| qw: Plans: Normal
     0 | D:1      | 0 ||| PLANNING D:1-11
    65 | D:1      | Reached XP level 2. HP: 15/16 MP: 4/4
    66 | D:1      | Reached skill level 6 in Ranged Weapons
    88 | D:1      | HP: 3/16 [kobold/+0 club (3)]
   239 | D:1      | Reached XP level 3. HP: 17/20 MP: 5/5
   540 | D:1      | 540 ||| UPGRADING to +0 ring mail.
   550 | D:1      | 550 ||| DROPPING +0 leather armour.
   551 | D:1      | 551 ||| UPGRADING to +0 pair of boots.
   556 | D:1      | 556 ||| READING scroll labelled OSSY XEUTSA.
   557 | D:1      | 557 ||| READING scroll labelled NAILIE PUIRR.
   558 | D:1      | 558 ||| DROPPING scroll of butterflies.
   560 | D:1      | 560 ||| Stepping ~*~*~tactically~*~*~ (cloud).
   564 | D:1      | HP: 5/20 [poisoned by you (poison gas)]
   568 | D:1      | HP: 2/20 [poisoned by you (poison gas)]
   671 | D:2      | Reached skill level 7 in Ranged Weapons
   989 | D:2      | Reached XP level 4. HP: 25/25 MP: 6/6
  1002 | D:2      | HP: 3/25 [worm (5)]
  1004 | D:2      | HP: 1/25 [orc/+0 dagger (3)]
  1005 | D:2      | Slain by an orc

Levels and vault maps discovered:
D:1:      matt_arrival_grand_opening, layout_rooms, minivault_14, minmay_3d_cube
D:2:      layout_rooms, basic_altar, minmay_misc_feat_secret_circle,
          uniq_crazy_yiuf_cottage

Skill      XL: |  1  2  3 |
---------------+----------+-----
Ranged Weapons | 6 7 |  7.5
Fighting       | |  1.5
Dodging        | |  2.4
Stealth        | |  1.2

Action                     |  1- 3 |  4- 6 || total
---------------------------+-------+-------++-------
   Fire: Shortbow          |   141 |    16 ||   157
    Use: Scroll            |     2 |       ||     2
 Armour: Leather armour    |     9 |       ||     9
         Ring mail         |    11 |    12 ||    23
  Dodge: Dodged            |    39 |    14 ||    53

Table legend:
 A = Non-vault XP
 B = Vault XP
 C = Vault XP percentage of total XP
 D = Non-vault monster count
 E = Vault monster count
 F = Vault count percentage of total count
                 A         B        C        D         E       F
            +---------+---------+-------+---------+---------+-------
      Total |     100 |       7 |   6.5 |      44 |       4 |   8.3
            +---------+---------+-------+---------+---------+-------
        D:1 |      53 |       7 |  11.7 |      28 |       4 |  12.5
        D:2 |      47 |       0 |   0.0 |      16 |       0 |   0.0
            +---------+---------+-------+---------+---------+-------
